 Dungeon Crawl Stone Soup version 0.02-32-ge3bdf778cf (webtiles) character file.

Game seed: 6348073965783069218, levelgen mode: deterministic

7641 minicreteconcrete the Cleaver (level 11, -9/94 HPs) Hill Orc Demonspawn. Began on Sept 3, 2020. Was a Priest of Beogh. Killed from afar by an ice dragon (38 damage) ... with a blast of cold ... in an ice cave. The game lasted 00:24:05 (5060 turns).

minicreteconcrete the Cleaver (Hill Orc Demonspawn) Turns: 5060, Time: 00:24:05

Health: -9/94      AC: 17    Str: 25    XL:     11 ^: 7455
Magic:  3/4        EV:  9    Int: 12    God:    Beogh [3* [98]]
Gold:   311        SH: 12    Dex: 10    Spells: 12/13 levels left

rFire    + . .     Vision   .   G - +7 war axe "Wuofui" {chop, +Inv rC- rN+ MR+ Str+4, (Curse: MP-9)} (curse)
rCold    . . .     Gourm    .   v - +1 heater shield {rC+ rF+}
rNeg     + . .     Faith    .   i - +0 chain mail
rPois    .         Spirit   .   (helmet restricted)
rElec    .         Reflect  .   n - +2 cloak
rCorr    .         Harm     .   (no gloves)
MR       +....     Clarity  +   (no boots)
Stlth    ..........             (no amulet)
HPRegen  0.41/turn              (no ring)
MPRegen  0.14/turn              (no ring)

@: very slightly contaminated, invisible
A: horns 2, molten scales 2, clarity, foul stench 1, powered by death 2, shaggy
fur 1, rot immunity
a: Smiting, Renounce Religion


You were in an ice cave.
You worshipped Beogh.
Beogh was most pleased with you.
You were hungry.

You visited 1 branch of the dungeon, and saw 5 of its levels.
You also visited: Ice Cave.

You collected 311 gold pieces.

Inventory:

Weapons
 s - a +0 trident
 t - a +0 trident
 x - a +2 dagger of venom
 z - a +1 dagger of venom
 D - a +2 long sword of freezing
 G - the cursed +7 war axe "Wuofui" (weapon) {chop, +Inv rC- rN+ MR+ Str+4, (Curse: MP-9)}
   (You found it on level 4 of the Dungeon)

   It inflicts extra damage upon your enemies.
   It affects your strength (+4).
   It makes you vulnerable to cold.
   It protects you from negative energy.
   It affects your resistance to hostile enchantments.
   It lets you turn invisible.
   It has a curse placed upon it.
   { (Curse: MP-9)} Shields
 h - a +1 heater shield of protection
 q - a +0 buckler
 v - a +1 heater shield of resistance (shield)
Armour
 b - a +0 leather armour
 c - a +0 helmet
 i - a +0 chain mail (worn)
 n - a +2 cloak (worn)
 C - a +1 robe of resistance
 F - a +0 plate armour
Jewellery
 u - a cursed ring of protection {(Curse: *Drain)}
Wands
 w - a wand of random effects (19)
 y - a wand of acid
 A - a wand of enslavement (1)
 H - a wand of iceblast (7)
Scrolls
 j - 7 scrolls of teleportation
 o - a scroll of immolation
 p - a scroll of amnesia
 E - a scroll of fear
Potions
 e - 5 potions of curing
 f - 2 potions of agility
 g - 2 potions of brilliance
 m - a potion of lignification
 J - 2 potions of mutation
Comestibles
 d - 12 rations


   Skills:
 + Level 8.2 Fighting
 + Level 14.0 Axes & Hammers
 + Level 5.5 Armour
 + Level 3.9 Dodging
 + Level 2.0 Stealth
 + Level 5.7 Shields
 + Level 1.1 Unarmed Combat
 + Level 1.6 Spellcasting
 + Level 3.6 Invocations


You had 12 spell levels left.
You knew the following spells:

 Your Spells              Type           Power        Failure   Level  Hunger
a - Flame Tongue          Fire           0 (40)       98%         1    ##.....

Your spell library contained the following spells:

 Spells                   Type           Power        Failure   Level  Hunger
 Animate Skeleton         Necr           N/A          98%         1    ##.....
 Confusing Touch          Hex            0 (50)       98%         1    ##.....
 Summon Small Mammal      Summ           0 (25)       98%         1    ##.....
 Blink                    Tloc           N/A          99%         2    ###....
 Call Imp                 Summ           0 (100)      99%         2    ###....
 Slow                     Hex            0 (100)      99%         2    ###....
 Conjure Flame            Fire           0 (100)      100%        3    ####...
 Mephitic Cloud           Pois/Air       0 (100)      100%        3    ####...


Dungeon Overview and Level Annotations

Branches:
Dungeon (5/8)              Temple (0/1) D:4           IceCv (1/1)
   Lair: D:5

Altars:
Wu Jian
Xom

Shops:
D:3 :   D:4 [:[=


Innate Abilities, Weirdness & Mutations

You have a pair of horns on your head.
You are mostly covered in molten scales. (AC +3)
You may emit foul miasma when damaged in melee.
You regenerate health from kills.
You are immune to rotting.
You possess an exceptional clarity of mind.
You are covered in fur. (AC +1)


Message History

Your orc wizard hits the ice dragon with a +3 halberd (7)!
Unknown command.
The ice dragon blocks your attack. The ice dragon breathes frost at you.
The blast of cold hits you (27)!!
* * * LOW HITPOINT WARNING * * *
Unknown command.
You hit the ice dragon but do no damage.
The ice dragon is moderately wounded. (69/95) HP Your orc wizard hits the ice dragon with a +3 halberd (6).
The ice dragon bites you but does no damage.
You block the ice dragon's attack. x2
You hit the ice dragon but do no damage.
The ice dragon is moderately wounded. (64/95) HP Your orc wizard hits the ice dragon but does no damage.
You block the ice dragon's attack. x2; The ice dragon barely misses you (0).
You closely miss the ice dragon. The ice dragon breathes frost at you.
The blast of cold hits you (38)!!!
You die...

##.###........##
#..# ##........#
#.## #.......##
##.# ##.....##
#..# #..... #..#
##..## ##..# .#.
##o.## ..##
###D@## #...##
###.### ##.#..#
#..##.##
#...#..#
##.#...##
#..##### #...#


You could see an ice dragon and a friendly orc wizard.

Vanquished Creatures
  A two-headed ogre (D:5)
  2 ice statues (IceCv)
  A rime drake (IceCv)
  A troll (D:5)
  3 hippogriffs (D:5)
  Menkaure (D:3)
  3 yaks (D:5)
  A slime creature (D:2)
  A water moccasin (D:4)
  A phantom (D:4)
  3 orc warriors
  9 ice beasts
  A sky beast (D:4)
  4 ogres
  A crocodile (D:2)
  2 big kobolds (D:2)
  2 bullfrogs
  A gnoll sergeant (D:4)
  A meliai zombie (D:4)
  3 howler monkeys (D:4)
  3 centaurs (D:5)
  2 scorpions
  A quasit (D:5)
  11 wights
  5 orc priests
  A hound (D:5)
  9 jellies
  6 orc wizards
  2 iguanas
  A worker ant (D:4)
  4 gnolls (D:4)
  2 bullfrog skeletons
  8 adders
  35 sewer rats
  A white imp (D:3)
  5 worms (D:2)
  13 cinder newts
  12 oozes
  A howler monkey skeleton (D:5)
  A dart slug (D:1)
  9 leopard geckos
  42 orcs
  2 adder skeletons
  4 bats
  7 giant cockroaches
  3 hobgoblins (D:1)
  3 jackals (D:4)
  13 kobolds
  A quokka (D:3)
  6 ball pythons
  A bat skeleton (D:2)
  6 goblins (D:1)
  10 rats (D:1)
  4 withered plants (D:2)
276 creatures vanquished.

Vanquished Creatures (collateral kills)
  6 ice beasts (IceCv)
  2 jellies (D:5)
  An ooze (D:5)
  An orc (D:5)
10 creatures vanquished.

Vanquished Creatures (others)
  A scorpion (D:3)
  A jelly (D:2)
  4 sewer rats (D:2)
  A worm (D:2)
  An orc (D:3)
  A ball python (D:2)
  2 giant blowflies (D:2)
  An orc warrior (IceCv)
  164 withered plants (D:2)
176 creatures vanquished.

Grand Total: 462 creatures vanquished

Notes
Turn   | Place    | Note
-------+----------+-------------------------------------------
     0 | D:1      | minicreteconcrete the Hill Orc Demonspawn began the quest
                  | for the Orb.
     0 | D:1      | Reached XP level 1. HP: 18/18 MP: 3/3
    57 | D:1      | Gained mutation: You regenerate a little health from kills.
                  | [demonic ancestry]
    57 | D:1      | Reached XP level 2. HP: 22/25 MP: 4/4
   139 | D:1      | Reached skill level 3 in Axes & Hammers
   148 | D:1      | Gained mutation: You have a pair of small horns on your
                  | head. [demonic ancestry]
   148 | D:1      | Reached XP level 3. HP: 22/30 MP: 5/5
   302 | D:1      | Reached skill level 1 in Unarmed Combat
   324 | D:1      | Gained mutation: You regenerate health from kills. [demonic
                  | ancestry]
   324 | D:1      | Reached XP level 4. HP: 30/37 MP: 6/6
   619 | D:1      | Gained mutation: You are partially covered in molten
                  | scales. (AC +2) [potion of mutation]
   619 | D:1      | Gained mutation: You possess an exceptional clarity of
                  | mind. [potion of mutation]
   619 | D:1      | Gained mutation: You are covered in fur. (AC +1) [potion of
                  | mutation]
   619 | D:1      | Gained mutation: You are mostly covered in molten scales.
                  | (AC +3) [potion of mutation]
   660 | D:2      | Reached skill level 1 in Armour
   746 | D:2      | Reached skill level 4 in Axes & Hammers
   764 | D:1      | Reached XP level 5. HP: 44/44 MP: 7/7
   867 | D:2      | Reached skill level 5 in Axes & Hammers
   932 | D:2      | Gained mutation: You are immune to rotting. [demonic
                  | ancestry]
   932 | D:2      | Reached XP level 6. HP: 48/51 MP: 8/8
   934 | D:2      | Reached skill level 1 in Shields
   940 | D:2      | Reached skill level 6 in Axes & Hammers
  1113 | D:2      | Gained mutation: You have a pair of horns on your head.
                  | [demonic ancestry]
  1113 | D:2      | Reached XP level 7. HP: 50/57 MP: 9/9
  1117 | D:2      | Reached skill level 7 in Axes & Hammers
  1451 | D:2      | Reached skill level 8 in Axes & Hammers
  1662 | D:2      | Reached XP level 8. HP: 66/66 MP: 10/10
  1813 | D:2      | Found a faded altar of an unknown god.
  1864 | D:2      | Found a shimmering altar of Xom.
  2350 | D:2      | Reached skill level 9 in Axes & Hammers
  2635 | D:3      | Became a worshipper of Beogh the Brigand
  2746 | D:3      | Noticed Menkaure
  2762 | D:3      | Killed Menkaure
  2839 | D:3      | Found Qiot's Book Boutique.
  3302 | D:4      | Reached skill level 10 in Axes & Hammers
  3327 | D:4      | Reached * piety under Beogh
  3335 | D:4      | Reached skill level 5 in Fighting
  3335 | D:4      | Mutation became permanent: You are partially covered in
                  | molten scales. (AC +2) [demonic ancestry]
  3335 | D:4      | Gained mutation: You are mostly covered in molten scales.
                  | (AC +3) [demonic ancestry]
  3335 | D:4      | Reached XP level 9. HP: 73/74 MP: 11/11
  3491 | D:4      | Found Geuts's Antique Armour Emporium.
  3503 | D:4      | Found Heana's Book Shop.
  3572 | D:4      | Reached skill level 11 in Axes & Hammers
  3635 | D:4      | Found a staircase to the Ecumenical Temple.
  3701 | D:4      | Found Jefiomeal's Jewellery Boutique.
  3831 | D:4      | Found Tinuehyo's Antique Armour Shop.
  3965 | D:4      | Identified the cursed +7 war axe "Wuofui" {chop, +Inv rC-
                  | rN+ MR+ Str+4, (Curse: MP-9)}
  4057 | D:5      | Entered Level 5 of the Dungeon
  4063 | D:4      | Reached ** piety under Beogh
  4110 | D:5      | Reached skill level 12 in Axes & Hammers
  4129 | D:5      | Reached XP level 10. HP: 83/83 MP: 3/12
  4193 | D:5      | Noticed a two-headed ogre
  4212 | D:5      | Killed a two-headed ogre
  4278 | D:5      | Reached skill level 13 in Axes & Hammers
  4285 | D:5      | Reached *** piety under Beogh
  4345 | D:5      | Reached skill level 5 in Shields
  4483 | D:5      | Found an ornate altar of the Wu Jian Council.
  4527 | D:5      | Reached skill level 5 in Armour
  4624 | D:5      | Found a frozen archway.
  4629 | IceCv    | Entered an ice cave
  4676 | IceCv    | Gained Koronagh as an ally
  4682 | IceCv    | Gained mutation: You may emit foul miasma when damaged in
                  | melee. [demonic ancestry]
  4682 | IceCv    | Reached XP level 11. HP: 94/94 MP: 4/13
  4701 | IceCv    | Your ally Koronagh died
  4831 | IceCv    | Reached skill level 14 in Axes & Hammers
  5036 | IceCv    | Noticed an ice dragon
  5036 | IceCv    | Noticed an ice dragon
  5060 | IceCv    | Killed from afar by an ice dragon

Levels and vault maps discovered:
D:1:      sevenhm_arrival_forest_fort_small_4, layout_rooms, first_ration,
          minmay_hexomino_p4
D:2:      layout_sewer, tgw_xom, chequers_ecumenical_altar_simple_redux,
          minmay_split_cup_large
D:3:      layout_cave_pools, serial_shops, shop, uniq_menkaure
D:4:      layout_loops_cross, minmay_temple_entry_water_ring, serial_shops,
          nicolae_shop_behind_doors, shop_statue, shop_fountains,
          nicolae_shop_stone
D:5:      layout_basic, bcadren_lemuel_inverted_doored_altar, minitemple,
          erik_lair_orcish_takeover, portal_ice_cave_entry_pillars_1,
          hangedman_little_slice_of_home
IceCv:    ice_cave_small_dragons

Skill      XL: |  1  2  3  4  5  6  7  8  9 10 11 |
---------------+----------------------------------+-----
Axes & Hammers | 3 4 5 6 8 10 12 13 14 | 14.0
Unarmed Combat | 1 |  1.1
Armour         | 1 2 3 4 5 |  5.5
Fighting       | 3 4 5 6 7 8 |  8.2
Shields        | 1 2 3 4 5 |  5.7
Dodging        | 3 |  3.9
Stealth        | 2 |  2.0
Spellcasting   | |  1.6
Invocations    | |  3.6

Action                   |  1- 3 |  4- 6 |  7- 9 | 10-12 || total
-------------------------+-------+-------+-------+-------++-------
Melee: War axe           |    59 |   186 |   410 |   156 ||   811
       Unarmed           |    20 |       |       |       ||    20
       Headbutt          |     3 |    22 |    54 |    35 ||   114
Throw: Rusty metal       |       |       |     2 |       ||     2
       Stone             |       |       |     1 |       ||     1
       Bone              |       |       |     1 |       ||     1
Invok: Convert to Beogh  |       |       |     1 |       ||     1
 Abil: Evoke Invisibilit |       |       |       |     1 ||     1
Evoke: Wand              |       |       |     1 |       ||     1
  Use: Scroll            |     1 |       |     1 |       ||     2
       Potion            |       |     1 |     2 |     1 ||     4
 Stab: Sleeping          |     1 |       |       |       ||     1
       Distracted        |       |       |       |     1 ||     1
  Eat: Chunk             |       |     1 |    11 |     3 ||    15
Armor: Leather armour    |     3 |       |       |       ||     3
       Chain mail        |    15 |   141 |   207 |    54 ||   417
Dodge: Dodged            |    30 |    53 |    55 |    20 ||   158
Block: Heater shield     |    11 |   111 |   189 |    73 ||   384
